 Dungeon Crawl Stone Soup version 0.28-a0-1348-g050f3537b9 (webtiles) character file.

Game seed: 8410267302615698871

39 HessuHobo the Chopper (level 3, 0/33 HPs)
             Began as a Minotaur Berserker on Dec 30, 2021.
             Was a Follower of Trog.
             Killed by divine providence
             ... invoked by an orc priest
              (12 damage)
             ... on level 1 of the Dungeon.
             The game lasted 00:01:04 (1230 turns).

HessuHobo the Chopper (Minotaur Berserker)          Turns: 1230, Time: 00:01:04

Health: 0/33       AC:  5    Str: 23    XL:     3   Next: 28%
Magic:  2/2        EV: 11    Int:  4    God:    Trog [*.....]
Gold:   54         SH:  0    Dex:  9    Spells: 2/2 levels left

rFire   . . .      SeeInvis .   a - +0 hand axe
rCold   . . .      Faith    .   (no shield)
rNeg    . . .      Spirit   .   d - +0 ring mail
rPois   .          Reflect  .   (helmet restricted)
rElec   .          Harm     .   (no cloak)
rCorr   .          Rampage  .   (no gloves)
Will    .....                   (no boots)
Stlth   ..........              (no amulet)
HPRegen 0.11/turn               (no ring)
MPRegen 0.08/turn               (no ring)

@: no status effects
A: horns 2, retaliatory headbutt
a: Renounce Religion, Berserk


You were on level 1 of the Dungeon.
You worshipped Trog.
Trog was aware of your devotion.
You visited 1 branch of the dungeon, and saw 2 of its levels.

You collected 54 gold pieces.

Inventory:

Hand Weapons
 a - a +0 hand axe (weapon)
Armour
 d - a +0 ring mail (worn)
 f - a +0 leather armour of poison resistance
Scrolls
 c - a scroll of identify {unknown}
Potions
 b - a potion of heal wounds {unknown}
 e - a potion of berserk rage {unknown}


   Skills:
 + Level 4.2 Fighting
 + Level 4.3 Axes
 + Level 3.3 Armour
 - Level 2.1 Dodging


You had 2 spell levels left.
You didn't know any spells.
Your spell library was empty.

Dungeon Overview and Level Annotations

Branches:
Dungeon (2/15)

Altars:


Innate Abilities, Weirdness & Mutations

You have a pair of horns on your head.
You reflexively headbutt those who attack you in melee.


Message History

No target in view!
No target in view!
You see here a hobgoblin corpse.
You see here a +0 leather armour of poison resistance.
You start resting.
HP restored.
Done exploring.
Done exploring.
You see here a +0 leather armour of poison resistance.
f - a +0 leather armour of poison resistance Search for what [? for help]? .
(D) Dungeon
Where to? (? - help)
There is a stone staircase leading down here.
You climb downwards.
Found a scroll labelled EROURGH CAETHRURGH.
There is a stone staircase leading up here.
The orc priest invokes the aid of Beogh against you.
You barely resist.
You climb upwards.
There is a stone staircase leading down here.
You closely miss the orc priest.
The orc priest hits you but does no damage.
You hit the orc priest but do no damage.
The orc priest hits you but does no damage.
You hit the orc priest but do no damage.
The orc priest hits you with a +0 short sword.
The orc priest barely misses you.
You closely miss the orc priest. Your headbutt misses the orc priest.
The orc priest mumbles some strange prayers to Beogh against you.
Beogh smites you!
You hit the orc priest.
The orc priest is lightly wounded.
The orc priest mumbles some strange prayers to Beogh against you.
Pain shoots through your body!
You barely miss the orc priest.
The orc priest is lightly wounded.
The orc priest mumbles some strange prayers to Beogh against you.
Beogh smites you!
You die...

....###..................).......
....# #..........................
....###..........##..............
.................##.......######.
#................#.).)...........
#................#...............
#.........#......................
##........#............##........
#........#.....@......##........
#........####.o.#.....##........
#........# #...#.....#########.
#........# #...#.....# ##.
#........# #...#.....# #.#
#........# #...#.....# #..
########## ########### ### # #


You could see an orc priest.

Vanquished Creatures
  A dart slug (D:1)
  2 orcs (D:1)
  A ball python (D:1)
  3 bats (D:1)
  2 endoplasms (D:1)
  3 giant cockroaches (D:1)
  3 goblins (D:1)
  2 hobgoblins (D:1)
  6 jackals (D:1)
  2 kobolds (D:1)
  A quokka (D:1)
  2 rats (D:1)
28 creatures vanquished.

Notes
Turn   | Place    | Note
-------+----------+-------------------------------------------
     0 | D:1      | HessuHobo the Minotaur Berserker began the quest for the
                  | Orb.
     0 | D:1      | Reached XP level 1. HP: 19/19 MP: 0/0
   294 | D:1      | Reached XP level 2. HP: 21/27 MP: 1/1
   482 | D:1      | You fall into a shaft and drop 1 floor!
   838 | D:1      | Found a faded altar of an unknown god.
   844 | D:1      | Reached XP level 3. HP: 26/33 MP: 2/2
  1230 | D:1      | Killed from afar by an orc priest

Illustrated notes

Levels and vault maps discovered:
D:1:      dpeg_arrival_rooms_b, layout_basic,
          hellmonk_ecumenical_altar_dog_temple
D:2:      layout_basic, st_stairs_3, minmay_goblin_outpost

Skill      XL: |  1  2 |
---------------+-------+-----
Axes           | 4 |  4.3
Fighting       | 4 |  4.2
Armour         | 3 |  3.3
Dodging        | |  2.1

Action                   || total
-------------------------++-------
Melee: Hand axe          ||    56
       Headbutt          ||     4
Armor: Animal skin       ||     5
       Ring mail         ||    12
Dodge: Dodged            ||    46

Table legend: (Time is in decaauts)
 A = Elapsed time spent in this place.
 B = Non-inter-level travel time spent in this place.
 C = Inter-level travel time spent in this place.
 D = Time resting spent in this place.
 E = Time spent auto-exploring this place.
 F = Levels seen in this place.
 G = Mean time per level.
                   A        B        C        D        E       F      G
               +--------+--------+--------+--------+--------+-----+--------+
         Total |   1236 |   1217 |     19 |    385 |    655 |   2 |  618.0 |
       Dungeon |   1236 |   1217 |     19 |    385 |    655 |   2 |  618.0 |
               +--------+--------+--------+--------+--------+-----+--------+

Top non-repeatable levels by time:
     D:1: 1219 daAuts
     D:2: 17 daAuts
